[Event "*** SCC Grand Prix: Titled Tuesday Blitz"]
[Site "Chess.com"]
[Date "2020.09.08"]
[Round "1"]
[White "zaur-mammadov"]
[Black "GaboSalazar2001"]
[Result "1-0"]
[WhiteElo "2671"]
[BlackElo "2334"]
[TimeControl "180+1"]
[EndTime "10:01:34 PDT"]
[Termination "zaur-mammadov won by resignation"]

1. e4 c5 2. c3 Nf6 3. e5 Nd5 4. Nf3 e6 5. d4 cxd4 6. cxd4 b6 7. Bd3 Ba6 8. Bxa6 Nxa6 9. O-O Be7 10. h4 O-O 11. Bg5 f6 12. exf6 Bxf6 13. Nc3 Nxc3 14. bxc3 Rc8 15. Qd3 Qc7 16. Qxa6 1-0

[Event "*** SCC Grand Prix: Titled Tuesday Blitz"]
[Site "Chess.com"]
[Date "2020.09.08"]
[Round "1"]
[White "AnishOnYoutube"]
[Black "ama18"]
[Result "1-0"]
[WhiteElo "2950"]
[BlackElo "2460"]
[TimeControl "180+1"]
[EndTime "10:02:15 PDT"]
[Termination "AnishOnYoutube won by resignation"]

1. e4 c5 2. Nf3 d6 3. d4 cxd4 4. Nxd4 Nf6 5. Nc3 a6 6. Rg1 g6 7. g4 h5 8. g5 Nfd7 9. Be3 Bg7 10. Qd2 Nc6 11. O-O-O Nxd4 12. Bxd4 Ne5 13. Be2 Bg4 14.
f4 Nf3 15. Bxf3 Bxd4 16. Qxd4 e5 17. Qe3 1-0

[Event "*** SCC Grand Prix: Titled Tuesday Blitz"]
[Site "Chess.com"]
[Date "2020.09.08"]
[Round "1"]
[White "OhanyanEminChess"]
[Black "WinstonSilvakov"]
[Result "1-0"]
[WhiteElo "2519"]
[BlackElo "2142"]
[TimeControl "180+1"]
[EndTime "10:02:17 PDT"]
[Termination "OhanyanEminChess won by resignation"]

1. e4 Nf6 2. Nc3 d5 3. e5 Nfd7 4. e6 fxe6 5. d4 Nf6 6. g4 c5 7. g5 Nfd7 8. Bd3 g6 9. h4 cxd4 10. h5 Bg7 11. hxg6 dxc3 12. Rxh7 Rxh7 13. gxh7 cxb2 14.
Qh5+ Kf8 15. h8=Q+ 1-0

[Event "*** SCC Grand Prix: Titled Tuesday Blitz"]
[Site "Chess.com"]
[Date "2020.09.08"]
[Round "1"]
[White "BJthechessgod"]
[Black "Keithonsky"]
[Result "0-1"]
[WhiteElo "2219"]
[BlackElo "2556"]
[TimeControl "180+1"]
[EndTime "10:02:36 PDT"]
[Termination "Keithonsky won by resignation"]

1. e4 c5 2. Nf3 e6 3. d4 cxd4 4. Nxd4 a6 5. Nc3 Qc7 6. Be3 Nf6 7. Bd3 Bb4 8. Qd2 d5 9. f3 e5 10. Nf5 Bxf5 11. exf5 d4 12. Bxd4 exd4 13. Qe2+ Kd8 14.
a3 Bxc3+ 15. bxc3 Re8 16. Be4 Qxc3+ 17. Kf2 Nc6 18. Rad1 Kc7 19. Rd3 Qc5 20. Rhd1 Rad8 21. g4 Qe5 22. Kg2 Qf4 23. Rb3 Nxe4 24. Rxb7+ Kxb7 25. Rb1+ Ka7 26. Qxa6+ Kxa6 0-1

[Event "*** SCC Grand Prix: Titled Tuesday Blitz"]
[Site "Chess.com"]
[Date "2020.09.08"]
[Round "1"]
[White "SeedToTree"]
[Black "VladimirBugayev"]
[Result "1-0"]
[WhiteElo "2612"]
[BlackElo "2280"]
[TimeControl "180+1"]
[EndTime "10:02:39 PDT"]
[Termination "SeedToTree won by resignation"]

1. e4 c6 2. Nf3 d5 3. e5 Bg4 4. d4 e6 5. c3 c5 6. dxc5 Nd7 7. Be3 Nxe5 8. Qa4+ Nc6 9. Qxg4 Nf6 10. Qa4 a6 11. Ne5 Rc8 12. Nd2 Be7 13. Nxc6 Rxc6 14. Be2 O-O 15.
b4 e5 16. Nb3 Ne4 17. Rc1 b5 18. cxb6 Nxc3 19. Qxc6 1-0

[Event "*** SCC Grand Prix: Titled Tuesday Blitz"]
[Site "Chess.com"]
[Date "2020.09.08"]
[Round "1"]
[White "maximnovik"]
[Black "Ariadna_Atreides"]
[Result "1-0"]
[WhiteElo "2492"]
[BlackElo "2024"]
[TimeControl "180+1"]
[EndTime "10:02:50 PDT"]
[Termination "maximnovik won by resignation"]

1. c4 Nf6 2. Nc3 c6 3. e4 d5 4.
exd5 cxd5 5. d4 Nc6 6. Bg5 Be6 7. g3 h6 8. Bxf6 exf6 9. Bg2 Bb4 10. Ne2 O-O 11.
O-O Ne7 12. c5 Bxc3 13. Nxc3 Qd7 14. b4 Bh3 15. Re1 Bxg2 16. Kxg2 Rfe8 17. Qd3 a6 18. Re2 Ng6 19. Rae1 Qg4 20. Rxe8+ 1-0

[Event "*** SCC Grand Prix: Titled Tuesday Blitz"]
[Site "Chess.com"]
[Date "2020.09.08"]
[Round "1"]
[White "swimmerchess"]
[Black "hypert"]
[Result "1-0"]
[WhiteElo "2852"]
[BlackElo "2422"]
[TimeControl "180+1"]
[EndTime "10:03:04 PDT"]
[Termination "swimmerchess won by resignation"]

1. e4 e5 2. Nf3 Nc6 3. Bb5 a6 4. Ba4 Nf6 5. O-O Be7 6. Re1 b5 7. Bb3 d6 8. c3 O-O 9. h3 Nb8 10. d4 Nbd7 11. Nbd2 Bb7 12. Bc2 Re8 13. Nf1 Bf8 14. Ng3 g6 15. a4 c6 16. Bg5 h6 17.
Be3 Bg7 18. Qd2 Kh7 19. Nh2 Qc7 20. f4 c5 21. fxe5 dxe5 22. d5 Ng8 23. Rf1 Rf8 24.
Rf3 Qd6 25. Raf1 Bc8 26. Rxf7 Rxf7 27. Rxf7 Nb6 28. Qf2 Nxa4 29. Bxa4 bxa4 30. Bxc5 Qd8 31. Bf8 1-0

[Event "*** SCC Grand Prix: Titled Tuesday Blitz"]
[Site "Chess.com"]
[Date "2020.09.08"]
[Round "1"]
[White "AniJak"]
[Black "Gorin_Leonid"]
[Result "1-0"]
[WhiteElo "2345"]
[BlackElo "2642"]
[TimeControl "180+1"]
[EndTime "10:03:08 PDT"]
[Termination "AniJak won by checkmate"]

1. e4 e5 2. Nc3 Nc6 3. g3 Bb4 4. Bg2 Bxc3 5. bxc3 Nge7 6. c4 d6 7. d3 f5 8. exf5 Bxf5 9. Rb1 b6 10. Bg5 Bd7 11. Qh5+ g6 12. Qh4 Rb8 13. Ne2 h6 14. O-O Kf7 15. Bd5+ Kf8 16. Bxh6+ Ke8 17. Qf6 Rh7 18.
Qf8# 1-0

[Event "*** SCC Grand Prix: Titled Tuesday Blitz"]
[Site "Chess.com"]
[Date "2020.09.08"]
[Round "1"]
[White "ChessicallyInclined"]
[Black "Zmof"]
[Result "1-0"]
[WhiteElo "2556"]
[BlackElo "2220"]
[TimeControl "180+1"]
[EndTime "10:03:10 PDT"]
[Termination "ChessicallyInclined won by checkmate"]

1. d4 f5 2. Bg5 h6 3. Bd2 Nf6 4. e3 g6 5. Nh3 d6 6. Nf4 Rg8 7. Bc4 Rg7 8. h4 e5 9. dxe5 dxe5 10. Ne6 Bxe6 11. Bxe6 Qe7 12. Bb3 Nc6 13. Qe2 O-O-O 14. Nc3 Na5 15. Nb5 Nxb3 16. axb3 a6 17. Na7+ Kb8 18.
Nc6+ bxc6 19. Qxa6 Rxd2 20. Qa8# 1-0

[Event "*** SCC Grand Prix: Titled Tuesday Blitz"]
[Site "Chess.com"]
[Date "2020.09.08"]
[Round "1"]
[White "valeriocarnicelli"]
[Black "akanga001"]
[Result "1-0"]
[WhiteElo "2476"]
[BlackElo "1892"]
[TimeControl "180+1"]
[EndTime "10:03:12 PDT"]
[Termination "valeriocarnicelli won by checkmate"]

1. e4 c6 2. Nc3 d5 3. Nf3 dxe4 4. Nxe4 Nf6 5. Nxf6+ gxf6 6. d4 Bg4 7. c3 f5 8. g3 Bg7 9. Bg2 Nd7 10. Qc2 e6 11. O-O Qb6 12. Re1 O-O-O 13. a4 a5 14. Bf4 Nf6 15.
Ne5 Bh5 16. b4 Ne4 17. Nc4 Qa6 18. b5 cxb5 19. axb5 Qxb5 20. Rxa5 Qc6 21. Bxe4 fxe4 22. Rc5 Bg6 23. Nb6# 1-0

[Event "*** SCC Grand Prix: Titled Tuesday Blitz"]
[Site "Chess.com"]
[Date "2020.09.08"]
[Round "1"]
[White "Duhless"]
[Black "DvaHrasta"]
[Result "0-1"]
[WhiteElo "2976"]
[BlackElo "2481"]
[TimeControl "180+1"]
[EndTime "10:03:15 PDT"]
[Termination "DvaHrasta won by resignation"]

1. e4 c6 2. d4 d5 3. e5 c5 4. dxc5 e6 5. Nf3 Bxc5 6. Bd3 Ne7 7. O-O Nbc6 8. Nbd2 Ng6 9. Nb3 Bb6 10. Re1 a5 11. c3 a4 12. Nbd4 Bd7 13. Bg5 Qb8 14. Qe2 Bc7 15. Nb5 Bxe5 16. Bxg6 hxg6 17. Nxe5 f6 18.
Nxd7 Qxh2+ 0-1

[Event "*** SCC Grand Prix: Titled Tuesday Blitz"]
[Site "Chess.com"]
[Date "2020.09.08"]
[Round "1"]
[White "korbul"]
[Black "Firouzja2003"]
[Result "0-1"]
[WhiteElo "2465"]
[BlackElo "2991"]
[TimeControl "180+1"]
[EndTime "10:03:21 PDT"]
[Termination "Firouzja2003 won by resignation"]

1. e4 c5 2. Nf3 e6 3. d4 cxd4 4. Nxd4 Nc6 5. Nc3 Qc7 6. Be2 a6 7. a3 Nf6 8. f4 d6 9. Be3 Be7 10.
Bf3 O-O 11. Qe2 Nxd4 12. Bxd4 e5 13. Be3 Be6 14. g4 exf4 15. Bxf4 Nd7 16. O-O-O Ne5 17. g5 Rac8 18. Rhg1 Nc4 19. Rd3 Qb6 20. Rg3 Qxb2+ 21.
Kd1 Qa1+ 22. Bc1 Nb2+ 23. Kd2 Nxd3 24. Qxd3 Rc5 25. Bg4 Bxg5+ 0-1

[Event "*** SCC Grand Prix: Titled Tuesday Blitz"]
[Site "Chess.com"]
[Date "2020.09.08"]
[Round "1"]
[White "SARGISMV"]
[Black "PattyCastillo"]
[Result "1-0"]
[WhiteElo "2478"]
[BlackElo "1911"]
[TimeControl "180+1"]
[EndTime "10:03:30 PDT"]
[Termination "SARGISMV won by resignation"]

1. d4 d5 2. c4 c6 3. Nf3 Nf6 4. e3 e6 5. b3 Nbd7 6. Bb2 Bd6 7. Bd3 O-O 8. O-O Qe7 9. Ne5 c5 10.
f4 b6 11. Nc3 Bb7 12. cxd5 exd5 13. Rf3 Ne4 14. Rh3 Ndf6 15. Nxe4 dxe4 16. Bc4 cxd4 17.
exd4 Rac8 18. Qe2 Rxc4 19. bxc4 Ba3 20. Bxa3 1-0

[Event "*** SCC Grand Prix: Titled Tuesday Blitz"]
[Site "Chess.com"]
[Date "2020.09.08"]
[Round "1"]
[White "Godzillator"]
[Black "manitodeplomo"]
[Result "1-0"]
[WhiteElo "2265"]
[BlackElo "2560"]
[TimeControl "180+1"]
[EndTime "10:03:37 PDT"]
[Termination "Godzillator won by resignation"]

1. d4 g6 2. c4 Bg7 3. e4 c5 4. d5 d6 5. Bd3 a6 6. a4 Nd7 7. Nf3 h6 8. Be3 g5 9. Qd2 Ne5 10. Nxe5 Bxe5 11. Nc3 Nf6 12. h3 Qa5 13. O-O Rg8 14.
f3 Bd7 15. Rfb1 O-O-O 16. Ra2 Rg7 17. b4 cxb4 18. Ne2 Bc3 19. Nxc3 bxc3 20. Qc2 h5 21.
Bb6 Qxb6+ 22. Rxb6 1-0

[Event "*** SCC Grand Prix: Titled Tuesday Blitz"]
[Site "Chess.com"]
[Date "2020.09.08"]
[Round "1"]
[White "anasta10"]
[Black "ChessWarrior7197"]
[Result "0-1"]
[WhiteElo "2459"]
[BlackElo "2937"]
[TimeControl "180+1"]
[EndTime "10:03:38 PDT"]
[Termination "ChessWarrior7197 won by resignation"]

1. d4 d5 2. c4 e6 3. cxd5 exd5 4. Nc3 c5 5. Nf3 Nc6 6. g3 Nf6 7. Bg2 cxd4 8. Nxd4 Bc5 9. Nb3 Bb6 10. Nxd5 Be6 11. Nxf6+ Qxf6 12. O-O O-O 13. e4 Bc4 14. Bf4 Rad8 15.
Qc2 Bd3 16. Qc1 Bxf1 17. Bxf1 Rfe8 18. Bg2 Nd4 19. Nxd4 Bxd4 20. Rb1 h6 21. Qc7 g5 22. e5 Qf5 23. Re1 gxf4 24. Be4 Qd7 0-1

[Event "*** SCC Grand Prix: Titled Tuesday Blitz"]
[Site "Chess.com"]
[Date "2020.09.08"]
[Round "1"]
[White "KuzubovYuriy"]
[Black "Sophist4Life"]
[Result "1-0"]
[WhiteElo "2891"]
[BlackElo "2441"]
[TimeControl "180+1"]
[EndTime "10:03:38 PDT"]
[Termination "KuzubovYuriy won by resignation"]

1. d4 d5 2. c4 c6 3. Nf3 Nf6 4. Nc3 dxc4 5. a4 Bf5 6. Nh4 e6 7. Nxf5 exf5 8. e3 Bd6 9. Bxc4 O-O 10. Qc2 g6 11. O-O Nbd7 12. f3 Qc7 13. g3 h5 14. e4 fxe4 15. fxe4 Ng4 16. e5 Ndxe5 17. dxe5 Bc5+ 18. Kh1 Qxe5 19. Qxg6+ Qg7 20. Qxg7+ Kxg7 21. Ne4 Bd4 22. Nd6 h4 23. Nf5+ 1-0

[Event "*** SCC Grand Prix: Titled Tuesday Blitz"]
[Site "Chess.com"]
[Date "2020.09.08"]
[Round "1"]
[White "pitopisback"]
[Black "GM_LOADING"]
[Result "0-1"]
[WhiteElo "2212"]
[BlackElo "2546"]
[TimeControl "180+1"]
[EndTime "10:03:41 PDT"]
[Termination "GM_LOADING won by resignation"]

1. d4 Nf6 2. c4 e6 3. Nc3 Bb4 4. f3 Nh5 5. Nh3 f5 6. Nf2 O-O 7. e4 fxe4 8. fxe4 Nc6 9. Qxh5 Nxd4 10. Qd1 Bc5 11. Be3 e5 12. Na4 Nc2+ 13. Qxc2 Bxe3 14. Ng4 Qh4+ 0-1

[Event "*** SCC Grand Prix: Titled Tuesday Blitz"]
[Site "Chess.com"]
[Date "2020.09.08"]
[Round "1"]
[White "Love_craft"]
[Black "Smile2005"]
[Result "1-0"]
[WhiteElo "2607"]
[BlackElo "2284"]
[TimeControl "180+1"]
[EndTime "10:03:42 PDT"]
[Termination "Love_craft won by resignation"]

1. Nf3 Nf6 2. g3 g6 3. Bg2 Bg7 4. O-O d6 5. d4 O-O 6. c4 Nc6 7. d5 Na5 8. Nbd2 c5 9. Qc2 Rb8 10. Rb1 a6 11. b3 b5 12. Bb2 e6 13. e4 exd5 14. cxd5 Re8 15. Rfe1 Ng4 16. Bxg7 Kxg7 17. Qc3+ Kg8 18. h3 Ne5 19. Nxe5 Rxe5 20. f4 Re8 21.
Rbd1 b4 22. Qc2 Qf6 23. Nf3 Bd7 24. e5 Bf5 25. Qf2 Qd8 26. g4 Bc8 27. exd6 Qxd6 28. Rxe8+ 1-0

[Event "*** SCC Grand Prix: Titled Tuesday Blitz"]
[Site "Chess.com"]
[Date "2020.09.08"]
[Round "1"]
[White "Konavets"]
[Black "bazar-wokzal"]
[Result "1-0"]
[WhiteElo "3066"]
[BlackElo "2470"]
[TimeControl "180+1"]
[EndTime "10:04:01 PDT"]
[Termination "Konavets won by resignation"]

1. d4 Nf6 2. c4 Nc6 3. Nf3 e6 4. e3 Bb4+ 5. Nbd2 a5 6. a3 Bxd2+ 7. Nxd2 a4 8. Bd3 d5 9. O-O O-O 10. cxd5 exd5 11. Bb5 Bg4 12. Qc2 Ne7 13. Bxa4 c6 14. Bb3 Qd6 15. f3 Bf5 16. Qc3 Rfe8 17. Re1 Bg6 18. Nf1 Nf5 19. Bd2 Re7 20. Qb4 Qe6 21. e4 1-0

[Event "*** SCC Grand Prix: Titled Tuesday Blitz"]
[Site "Chess.com"]
[Date "2020.09.08"]
[Round "1"]
[White "Zarinur"]
[Black "SharapovEvgeny"]
[Result "1-0"]
[WhiteElo "2123"]
[BlackElo "2490"]
[TimeControl "180+1"]
[EndTime "10:04:03 PDT"]
[Termination "Zarinur won by resignation"]

1. e4 c5 2. Nf3 d6 3. Bb5+ Nd7 4.
O-O Nf6 5. Re1 e5 6. c3 Be7 7.
d4 Qc7 8. dxe5 dxe5 9. Bg5 O-O 10. Bxd7 Bxd7 11. Bxf6 Bxf6 12. c4 Be6 13. Qe2 b5 14. cxb5 a6 15. bxa6 Qb6 16. Nc3 Rxa6 17. a3 Rb8 18.
Nd5 Bxd5 19. exd5 Ra7 20. Nxe5 Re7 21. Nd7 Qd8 22. Nxf6+ 1-0

[Event "*** SCC Grand Prix: Titled Tuesday Blitz"]
[Site "Chess.com"]
[Date "2020.09.08"]
[Round "1"]
[White "platy3"]
[Black "Andrii_Prydun"]
[Result "1-0"]
[WhiteElo "2811"]
[BlackElo "2407"]
[TimeControl "180+1"]
[EndTime "10:04:07 PDT"]
[Termination "platy3 won by resignation"]

1. c4 c6 2. d4 d5 3. Nf3 Nf6 4. Nc3 e6 5. cxd5 cxd5 6. Bg5 Be7 7. e3 O-O 8. Bd3 Nc6 9. a3 Bd7 10. O-O Rc8 11. Rc1 Na5 12. Ne5 h6 13. Bh4 Ne8 14. Nxd7 Qxd7 15. Bxe7 Qxe7 16. Nxd5 Qd7 17. Rxc8 Qxc8 18.
Ne7+ 1-0

[Event "*** SCC Grand Prix: Titled Tuesday Blitz"]
[Site "Chess.com"]
[Date "2020.09.08"]
[Round "1"]
[White "Thereisnof0rk"]
[Black "PlotnikovPavel"]
[Result "1-0"]
[WhiteElo "2150"]
[BlackElo "2478"]
[TimeControl "180+1"]
[EndTime "10:04:08 PDT"]
[Termination "Thereisnof0rk won by resignation"]

1. d4 e6 2. e4 d5 3. Nd2 Be7 4. Ngf3 dxe4 5. Nxe4 Nf6 6. Nxf6+ Bxf6 7. Bd3 c5 8. dxc5 Qa5+ 9. c3 Qxc5 10. O-O O-O 11. Qc2 g6 12. Bh6 Rd8 13. Rad1 Nc6 14. Nd2 Qh5 15. Ne4 Bh8 16. Bg5 Re8 17. Be2 Qxe2 18. Qxe2 e5 19. Nf6+ Bxf6 20. Bxf6 Bf5 21. Rd6 Re6 22.
Rxe6 Bxe6 23. Qe3 1-0

[Event "*** SCC Grand Prix: Titled Tuesday Blitz"]
[Site "Chess.com"]
[Date "2020.09.08"]
[Round "1"]
[White "PoppingCheckmates"]
[Black "Dr-Bassem"]
[Result "0-1"]
[WhiteElo "2399"]
[BlackElo "2777"]
[TimeControl "180+1"]
[EndTime "10:04:09 PDT"]
[Termination "Dr-Bassem won by resignation"]

1. Nf3 f5 2. b3 d6 3. Bb2 e5 4. d4 e4 5. Nfd2 d5 6. c4 c6 7.
Nc3 Nf6 8. e3 a6 9. a4 Bb4 10. c5 O-O 11. g3 Be6 12. h4 Nbd7 13. Be2 Ng4 14. Qc2 Qc7 15. Ba3 Nxe3 16. fxe3 Bxa3 17.
Rxa3 Qxg3+ 18. Kd1 Qxe3 19. Nf1 Qxd4+ 20. Qd2 Qxc5 21.
Ra1 d4 0-1

[Event "*** SCC Grand Prix: Titled Tuesday Blitz"]
[Site "Chess.com"]
[Date "2020.09.08"]
[Round "1"]
[White "Jojo_1608"]
[Black "Oglob71"]
[Result "0-1"]
[WhiteElo "2192"]
[BlackElo "2537"]
[TimeControl "180+1"]
[EndTime "10:04:14 PDT"]
[Termination "Oglob71 won by resignation"]

1. d4 Nf6 2. c4 e6 3. Nc3 Bb4 4. e3 O-O 5. Ne2 d5 6. a3 Bd6 7.
Ng3 c5 8. Bd3 Nc6 9. dxc5 Bxc5 10.
cxd5 exd5 11. O-O Bg4 12. Qc2 Ne5 13. Bf5 g6 14. Bxg4 Nfxg4 15. h3 Nf6 16. Rd1 Rc8 17. Qa4 a6 18. Qf4 Re8 19. b4 Bd6 20. Qd4 Nc6 21. Qd2 Bxg3 22. fxg3 Ne4 23. Nxe4 dxe4 24. Qe2 Qg5 25. g4 Ne5 26. Bb2 Nd3 27. Bd4 Red8 28. Rf1 Rd7 29. Qa2 Qd5 30. Qb2 0-1

[Event "*** SCC Grand Prix: Titled Tuesday Blitz"]
[Site "Chess.com"]
[Date "2020.09.08"]
[Round "1"]
[White "DIM90"]
[Black "Yashasd1995"]
[Result "0-1"]
[WhiteElo "2336"]
[BlackElo "2672"]
[TimeControl "180+1"]
[EndTime "10:04:15 PDT"]
[Termination "Yashasd1995 won by resignation"]

1. e4 d5 2. exd5 Nf6 3. Bb5+ Bd7 4. Be2 Nxd5 5. d4 g6 6. Nf3 Bg7 7. O-O O-O 8. c4 Nb6 9. Nc3 Bg4 10. Bf4 Nc6 11. d5 Bxf3 12. Bxf3 Nd4 13. b3 e5 14. Be3 Nxf3+ 15. gxf3 Nc8 16. Bc5 Nd6 17.
Ne4 f5 18. Bxd6 cxd6 19. Ng3 e4 20. fxe4 f4 21. Ne2 f3 22. Ng3 Bxa1 23. Qxa1 h5 24. Qc1 Kh7 25. e5 Qh4 26. Kh1 Rf4 0-1

[Event "*** SCC Grand Prix: Titled Tuesday Blitz"]
[Site "Chess.com"]
[Date "2020.09.08"]
[Round "1"]
[White "gagtemp"]
[Black "aNaartjieZA"]
[Result "0-1"]
[WhiteElo "1970"]
[BlackElo "2481"]
[TimeControl "180+1"]
[EndTime "10:04:21 PDT"]
[Termination "aNaartjieZA won by resignation"]

1. e4 e6 2. d4 d5 3. Nc3 Bb4 4. e5 c5 5. a3 Bxc3+ 6. bxc3 Ne7 7. Qg4 Qc7 8. Bd3 cxd4 9. Ne2 dxc3 10. Qxg7 Rg8 11. Qxh7 Nbc6 12. h4 Nxe5 13. h5 Nxd3+ 14. Qxd3 e5 15. h6 Bf5 16. Qxc3 Qxc3+ 17. Nxc3 f6 18. Nb5 Kd7 19. Bb2 a6 20. Nc3 Rxg2 21.
O-O-O Ke6 22. f3 Rxc2+ 0-1

[Event "*** SCC Grand Prix: Titled Tuesday Blitz"]
[Site "Chess.com"]
[Date "2020.09.08"]
[Round "1"]
[White "WiktoriaPOL"]
[Black "Orest_Vovk"]
[Result "0-1"]
[WhiteElo "1960"]
[BlackElo "2479"]
[TimeControl "180+1"]
[EndTime "10:04:22 PDT"]
[Termination "Orest_Vovk won by checkmate"]

1. c4 Nc6 2. d4 e5 3. d5 Nce7 4. Nf3 Ng6 5. e4 Bc5 6. Nc3 Nf6 7. Rb1 d6 8. b4 Bb6 9. Be2 O-O 10. O-O a6 11. a4 Nh5 12. Nxe5 Nxe5 13. Bxh5 Nxc4 14.
a5 Ba7 15. Qe2 Qh4 16. g3 Qh3 17. Bxf7+ Rxf7 18. Qxc4 Bg4 19. Re1 Rxf2 20. Qxc7 Qxh2# 0-1

[Event "*** SCC Grand Prix: Titled Tuesday Blitz"]
[Site "Chess.com"]
[Date "2020.09.08"]
[Round "1"]
[White "UCantHandleDenker"]
[Black "vvg2"]
[Result "1-0"]
[WhiteElo "2594"]
[BlackElo "2272"]
[TimeControl "180+1"]
[EndTime "10:04:29 PDT"]
[Termination "UCantHandleDenker won by resignation"]

1. Nf3 Nf6 2. g3 g6 3. Bg2 Bg7 4. O-O O-O 5. d3 d5 6. Nbd2 c5 7. e4 Nc6 8. Re1 e5 9. exd5 Nxd5 10. a3 Re8 11. Rb1 Qc7 12. Ne4 b6 13. c4 Nde7 14. b4 f5 15. Ned2 Bd7 16. b5 Nd4 17. Nxd4 cxd4 18.
Bxa8 Rxa8 19. a4 Rf8 20. Ba3 Bc8 21. Rc1 Bb7 22. c5 bxc5 23. Bxc5 Qd7 24. Bxe7 Qxe7 25. Qb3+ Kh8 26. b6 f4 27. Rc7 Qf6 28. g4 Qh4 29.
Rxb7 Qxg4+ 30. Kh1 f3 31. Rg1 Qf4 32. Ne4 1-0

[Event "*** SCC Grand Prix: Titled Tuesday Blitz"]
[Site "Chess.com"]
[Date "2020.09.08"]
[Round "1"]
[White "Superfelix"]
[Black "Tooweak2slow03"]
[Result "1/2-1/2"]
[WhiteElo "2411"]
[BlackElo "2790"]
[TimeControl "180+1"]
[EndTime "10:04:33 PDT"]
[Termination "Game drawn by repetition"]

1. e4 e6 2. d4 d5 3. exd5 exd5 4. Bd3 Bd6 5. c3 Ne7 6. Nf3 O-O 7. O-O Bf5 8. Re1 Bxd3 9. Qxd3 Ng6 10. Nbd2 c6 11.
Nf1 Nd7 12. Ne3 Nf6 13. Nf5 Ne4 14. g3 Qd7 15. Nxd6 Qxd6 16. Ng5 f5 17. f3 Nxg5 18. Bxg5 Rae8 19. Kf2 h6 20. Bd2 Qf6 21. Rxe8 Rxe8 22.
Re1 Rxe1 23. Bxe1 f4 24. Bd2 fxg3+ 25. hxg3 Qe6 26. a4 Nf8 27. Bf4 Qg6 28. Qe2 Ne6 29.
Bd6 Nxd4 30. cxd4 Qxd6 31. Qe8+ Kh7 32. Qf7 Qf6 33. Qxb7 Qxd4+ 34. Kg2 Qd2+ 35. Kh3 Qc2 36. Qxa7 Qxb2 37. a5 d4 38. a6 d3 39. Qe3 Qa3 40.
Qe4+ Kg8 41. Qe8+ Kh7 42. Qe4+ Kg8 43. Qe8+ Kh7 44. Qe4+ 1/2-1/2

[Event "*** SCC Grand Prix: Titled Tuesday Blitz"]
[Site "Chess.com"]
[Date "2020.09.08"]
[Round "1"]
[White "ChessAurochs"]
[Black "fabianvivasz"]
[Result "0-1"]
[WhiteElo "2595"]
[BlackElo "2303"]
[TimeControl "180+1"]
[EndTime "10:04:37 PDT"]
[Termination "fabianvivasz won by checkmate"]

1. e4 e5 2. Nf3 Nc6 3. Bc4 Nf6 4. d3 Be7 5. O-O O-O 6. c3 d5 7. exd5 Nxd5 8. Bb3 Bg4 9. h3 Bh5 10. Re1 Kh8 11. g4 Bg6 12. Nxe5 Nxe5 13. Rxe5 c6 14. d4 Bd6 15. f4 Qh4 16. Qf1 Bxe5 17. fxe5 Be4 18.
Kh2 f5 19. g5 f4 20. Bxd5 Qg3# 0-1

[Event "*** SCC Grand Prix: Titled Tuesday Blitz"]
[Site "Chess.com"]
[Date "2020.09.08"]
[Round "1"]
[White "Reader777"]
[Black "KyrgyzFighter"]
[Result "1-0"]
[WhiteElo "2665"]
[BlackElo "2332"]
[TimeControl "180+1"]
[EndTime "10:04:41 PDT"]
[Termination "Reader777 won by resignation"]

1. d4 d5 2. c4 c6 3. Nf3 Nf6 4. Nc3 a6 5. a4 dxc4 6. e3 e6 7. Bxc4 Bd6 8. e4 Bb4 9. e5 Ne4 10. Qd3 Nxc3 11. bxc3 Be7 12. O-O c5 13. d5 exd5 14.
Bxd5 O-O 15. c4 Nc6 16. Bb2 Be6 17. Rad1 Nb4 18. Qe4 Bxd5 19. cxd5 Qa5 20. d6 Bd8 21. e6 fxe6 22. Qxe6+ Kh8 23. Ne5 Bf6 24. d7 Nc6 25. Nf7+ Rxf7 26. Qxf7 Qd8 27. Bxf6 Qxf6 28. Qxf6 gxf6 29.
Rfe1 1-0

[Event "*** SCC Grand Prix: Titled Tuesday Blitz"]
[Site "Chess.com"]
[Date "2020.09.08"]
[Round "1"]
[White "northridgehawk"]
[Black "Shubinkirill2003"]
[Result "0-1"]
[WhiteElo "2314"]
[BlackElo "2640"]
[TimeControl "180+1"]
[EndTime "10:04:41 PDT"]
[Termination "Shubinkirill2003 won by resignation"]

1. e4 e6 2. Nf3 d5 3. Nc3 Nf6 4.
e5 Ne4 5. Ne2 h6 6. d3 Ng5 7.
Nxg5 hxg5 8. g3 c5 9. Bg2 Nc6 10. f4 gxf4 11. gxf4 Qh4+ 12. Ng3 Bd7 13. c3 O-O-O 14. a4 f6 15. Qe2 Be7 16. a5 a6 17.
Be3 fxe5 18. fxe5 Nxe5 19. Bf2 Ng4 20. O-O-O Nxf2 21. Qxf2 Qa4 22. d4 Qa1+ 23. Kc2 Ba4+ 0-1

[Event "*** SCC Grand Prix: Titled Tuesday Blitz"]
[Site "Chess.com"]
[Date "2020.09.08"]
[Round "1"]
[White "azikom"]
[Black "nau64"]
[Result "1-0"]
[WhiteElo "2640"]
[BlackElo "2312"]
[TimeControl "180+1"]
[EndTime "10:04:45 PDT"]
[Termination "azikom won by resignation"]

1. e4 c5 2. Nc3 a6 3. d3 Nc6 4. g3 b5 5. Bg2 Bb7 6. f4 e6 7. Nf3 Be7 8. O-O d6 9. g4 h5 10. g5 Qc7 11. Ne2 f6 12. c3 fxg5 13. fxg5 O-O-O 14. Nf4 Qb6 15. Nxe6 Re8 16. Nxg7 Rf8 17. Nf5 Ne5 18.
Nxe5 dxe5 19. Be3 Rd8 20. h4 Qc7 21. Qe2 Bf8 22. a4 Ne7 23. axb5 axb5 24. b4 Ng6 25.
bxc5 Nf4 26. Bxf4 exf4 27. d4 1-0

[Event "*** SCC Grand Prix: Titled Tuesday Blitz"]
[Site "Chess.com"]
[Date "2020.09.08"]
[Round "1"]
[White "ARTHURMOTIVATOR"]
[Black "vinniethepooh"]
[Result "1-0"]
[WhiteElo "2346"]
[BlackElo "2646"]
[TimeControl "180+1"]
[EndTime "10:04:48 PDT"]
[Termination "ARTHURMOTIVATOR won by resignation"]

1. e4 c5 2. b3 Nc6 3. Bb2 d6 4. Bb5 Bd7 5. f4 a6 6. Bxc6 Bxc6 7. d3 e6 8. Nf3 Nf6 9. O-O Be7 10. Nbd2 O-O 11.
Qe1 Re8 12. e5 Nd5 13. Qg3 Bf8 14. Ne4 Ne3 15. Nf6+ Kh8 16. Ng5 Qc7 17. Qxe3 gxf6 18. exd6 Qd7 19. Bxf6+ Bg7 20. Qh3 1-0

[Event "*** SCC Grand Prix: Titled Tuesday Blitz"]
[Site "Chess.com"]
[Date "2020.09.08"]
[Round "1"]
[White "BikingBrian"]
[Black "Machidon"]
[Result "0-1"]
[WhiteElo "2215"]
[BlackElo "2553"]
[TimeControl "180+1"]
[EndTime "10:04:49 PDT"]
[Termination "Machidon won by resignation"]

1. d4 Nf6 2. Bg5 e6 3. Nd2 d5 4. e3 c5 5. c3 Nbd7 6. f4 Qb6 7. Rb1 Bd6 8. Bd3 cxd4 9. exd4 h6 10. Bxf6 Nxf6 11. Qf3 Bd7 12. Qe3 Qc7 13. g3 b5 14.
Ngf3 b4 15. cxb4 Bxb4 16. O-O O-O 17. Ne5 Bxd2 18. Qxd2 Qb6 19. Qf2 Bb5 20. Rfc1 Bxd3 21.
Nxd3 Ng4 22. Qf3 Qxd4+ 23. Kg2 Ne3+ 24. Kh3 Qxd3 25. Re1 Qf5+ 26. g4 Nxg4 27. Qxg4 Qxg4+ 28. Kxg4 Rfc8 29. b4 Rc4 30. b5 g5 31. Kh5 Kg7 32.
fxg5 hxg5 33. Kxg5 f6+ 0-1